 Dungeon Crawl Stone Soup version 0.28-a0-511-gcc94558de3 (webtiles) character file.

Game seed: 10746625270046195418

592 Spaninq the Firebug (level 7, -10/40 HPs)
             Began as a Tengu Fire Elementalist on Sept 21, 2021.
             Mangled by a wraith (12 damage)
             ... in an ossuary.
             The game lasted 00:14:05 (4880 turns).

Spaninq the Firebug (Tengu Fire Elementalist)       Turns: 4880, Time: 00:14:06

Health: -10/40     AC:  2    Str:  8    XL:     7   Next: 39%
Magic:  0/14       EV: 14    Int: 18    God:
Gold:   201        SH:  0    Dex: 14    Spells: 8/15 levels left

rFire   . . .      SeeInvis .   n - +0 quarterstaff
rCold   + . .      Faith    .   (shield currently unavailable)
rNeg    + . .      Spirit   .   a - +0 robe
rPois   .          Reflect  .   (helmet restricted)
rElec   .          Harm     .   (no cloak)
rCorr   .          Rampage  .   (no gloves)
Will    .....                   (boots unavailable)
Stlth   ++........              q - amulet of the acrobat
HPRegen 0.13/turn               i - ring of protection from cold
MPRegen 0.14/turn               p - ring of positive energy

@: mighty, flying quickly and evasively, slowed, very slow
A: beak, talons 3, nimble flight
a: no special abilities


You were in an ossuary.
You visited 1 branch of the dungeon, and saw 4 of its levels.
You also visited: Sewer and Ossuary.

You collected 201 gold pieces.

Inventory:

Hand Weapons
 n - a +0 quarterstaff (weapon)
Armour
 a - a +0 robe (worn)
Jewellery
 i - a ring of protection from cold (left hand)
 p - a ring of positive energy (right hand)
 q - an amulet of the acrobat (around neck)
Wands
 d - a wand of flame (23)
Scrolls
 b - a scroll of blinking {unknown}
 j - a scroll of acquirement
 k - a scroll of silence {unknown}
 l - 2 scrolls of identify {unknown}
 m - a scroll of teleportation {unknown}
 o - a scroll of fear {unknown}
 r - a scroll of enchant weapon {unknown}
Potions
 c - a potion of ambrosia {unknown}
 e - a potion of curing {unknown}
 f - 2 potions of haste
 g - 2 potions of might
 h - a potion of mutation {unknown}
 s - a potion of brilliance {unknown}


   Skills:
 + Level 2.7 Fighting
 - Level 2.1 Dodging
 - Level 2.0 Stealth
 * Level 4.5 Spellcasting
 + Level 4.1 Conjurations
 * Level 5.8 Fire Magic


You had 8 spell levels left.
You knew the following spells:

 Your Spells              Type           Power      Damage    Failure   Level
a - Foxfire               Conj/Fire      88%        2x1d8     1%          1
b - Scorch                Fire           50%        2d8       1%          2
c - Flame Wave            Conj/Fire      22%        3d6       19%         4

Your spell library contained the following spells:

 Spells                   Type           Power      Damage    Failure   Level
 Conjure Flame            Conj/Fire      22%        6-21      5%          3
 Inner Flame              Hex/Fire       14%        N/A       13%         3
 Gell's Gravitas          Tloc           2%         N/A       38%         3
 Teleport Other           Tloc           4%         N/A       38%         3
 Dispersal                Tloc           2%         N/A       100%        6


Dungeon Overview and Level Annotations

Branches:
Dungeon (4/15)              Sewer (visited)         Ossuary (1/1)
 Temple: D:4-7

Altars:
Cheibriados
Dithmenos
Makhleb
Wu Jian


Innate Abilities, Weirdness & Mutations

You have a beak for a mouth.
You have claws for feet.
Your magical nature lets you fly swiftly and evasively.


Message History

Confirm with . or Enter, or press ? or * to list all spells.
Flames lash the wraith.
The wraith is severely damaged.
The wraith completely misses you. The wraith barely misses you.
Casting: Scorch (safe; 1% risk of failure)
Confirm with . or Enter, or press ? or * to list all spells.
Flames lash the wraith.
The wraith is burned terribly!
The wraith is almost destroyed.
The wraith is no longer more vulnerable to fire.
The wraith hits you!
Casting: Scorch (safe; 1% risk of failure)
Confirm with . or Enter, or press ? or * to list all spells.
Flames lash the wraith but do no damage.
The wraith hits you.
* * * LOW HITPOINT WARNING * * *
The wraith drains your vigour!
You feel as though you will be slow longer.
The wraith misses you. The wraith closely misses you.
Casting: Scorch (safe; 1% risk of failure)
Confirm with . or Enter, or press ? or * to list all spells.
Flames lash the wraith.
The wraith is almost destroyed.
The wraith's fire resistance burns away.
The wraith closely misses you. The wraith hits you!
* * * LOW HITPOINT WARNING * * *
The wraith drains your vigour!
You feel as though you will be slow longer.
It was a potion of might.
You feel very mighty all of a sudden. The wraith hits you.
* * * LOW HITPOINT WARNING * * *
The wraith drains your vigour!
You feel as though you will be slow longer.
Okay, then.
You closely miss the wraith. Your kick misses the wraith.
The wraith is almost destroyed.
The wraith is no longer more vulnerable to fire.
The wraith hits you!
You die...

#########################
#........................
#.∩.....................∩
#.......#####+#####......
#......##.........##.....
#.....##...##'##...##....
#....##..W##...##...##...
#....#..@##.!.?.##...#...
#....+...#.??!!..#...'...
#....#...##.??..##...#...
#....##...##...##...##...
#.....##...#####...##....
#......##.........##.....
#.......#####'#####......
#.∩.....................∩
#........................


You could see a wraith.

Vanquished Creatures
  Purgy (Sewer)
  A phantom (D:3)
  A kobold brigand (Sewer)
  A scorpion (D:3)
  A hound (D:3)
  Jessica (D:3)
  Natasha (thrice) (D:3)
  A mummy (Ossuary)
  A howler monkey skeleton (D:4)
  4 adders
  4 worms (D:3)
  2 dart slugs
  9 ball pythons
  9 endoplasms
  A giant cockroach (D:1)
  14 goblins
  5 hobgoblins
  3 jackals (D:3)
  9 kobolds
  2 quokkas
  6 bats
  2 frilled lizards
  7 gnoll skeletons (Ossuary)
  8 kobold skeletons (Ossuary)
  10 orc skeletons (Ossuary)
  6 rats
112 creatures vanquished.

Vanquished Creatures (others)
  74 foxfires
74 creatures vanquished.

Grand Total: 186 creatures vanquished

Notes
Turn   | Place    | Note
-------+----------+-------------------------------------------
     0 | D:1      | Spaninq the Tengu Fire Elementalist began the quest for the
                  | Orb.
     0 | D:1      | Reached XP level 1. HP: 10/10 MP: 4/4
   318 | D:1      | Reached XP level 2. HP: 15/15 MP: 4/6
   603 | D:1      | Learned a level 2 spell: Scorch
   764 | D:1      | Reached XP level 3. HP: 9/20 MP: 3/7
  1818 | D:2      | Reached XP level 4. HP: 24/24 MP: 4/9
  1952 | D:2      | Reached skill level 4 in Fire Magic
  2007 | D:2      | Found a faded altar of an unknown god.
  2048 | D:2      | Reached skill level 1 in Fighting
  2554 | D:3      | Noticed Jessica
  2561 | D:3      | Killed Jessica
  2665 | D:3      | Noticed a phantom
  2673 | D:3      | Killed a phantom
  2674 | D:3      | Gained mutation: Your magical nature lets you fly swiftly
                  | and evasively. [Tengu growth]
  2674 | D:3      | Reached XP level 5. HP: 29/29 MP: 1/11
  2799 | D:3      | Reached XP level 6. HP: 35/35 MP: 7/12
  2813 | D:3      | Reached skill level 5 in Fire Magic
  2822 | D:3      | Found a snail-covered altar of Cheibriados.
  2822 | D:3      | Found a burning altar of Makhleb.
  2822 | D:3      | Found an ornate altar of the Wu Jian Council.
  2826 | D:3      | Found a shadowy altar of Dithmenos.
  3244 | D:3      | Noticed Natasha
  3249 | D:3      | Killed Natasha
  3268 | D:3      | Found a glowing drain.
  3279 | Sewer    | Entered a sewer
  3414 | Sewer    | Noticed Purgy
  3462 | Sewer    | Killed Purgy
  3463 | Sewer    | Reached XP level 7. HP: 40/40 MP: 0/14
  3838 | D:3      | Noticed Natasha
  3848 | D:3      | Killed Natasha
  4095 | D:3      | Noticed Natasha
  4098 | D:3      | Killed Natasha
  4229 | D:4      | Identified a scroll of acquirement
  4301 | D:4      | Found a sand-covered staircase.
  4328 | Ossuary  | Entered an ossuary
  4328 | Ossuary  | Noticed a wraith
  4328 | Ossuary  | Noticed a wraith
  4328 | Ossuary  | Noticed a wraith
  4433 | Ossuary  | Learned a level 4 spell: Flame Wave
  4850 | Ossuary  | Noticed a wraith
  4879 | Ossuary  | HP: 2/40 [wraith (2)]
  4880 | Ossuary  | Mangled by a wraith

Illustrated notes

Levels and vault maps discovered:
D:1:      dpeg_arrival_circle_labyrinth_c, layout_rooms, st_stairs_2,
          minmay_split_cup_small
D:2:      kennysheep_the_goblin_king, layout_basic,
          hellmonk_ecumenical_altar_arch_garden, minmay_pentomino_pile
D:3:      layout_loops_corners, minitemple, cheibrodos_sewer_entry_bend,
          hangedman_decor_growths, minmay_unequal, uniq_natasha, uniq_jessica
D:4:      layout_cave_pods, nicolae_elyvilon_temple_path,
          chequers_ossuary_entry_cave, minmay_diced_spiral, uniq_blork_the_orc,
          uniq_grinder
Ossuary:  ossuary_due_mausoleum

Skill      XL: |  1  2  3  4  5  6  7 |
---------------+----------------------+-----
Conjurations   | 2 3 4 |  4.1
Fire Magic     | 4 5 |  5.8
Fighting       | 1 2 |  2.7
Spellcasting   | 3 4 |  4.5
Dodging        | |  2.1
Stealth        | |  2.0

Action                   |  1- 3 |  4- 6 |  7- 9 || total
-------------------------+-------+-------+-------++-------
Melee: Mace              |     6 |       |       ||     6
       Unarmed           |     1 |       |       ||     1
       Kick              |     2 |       |     6 ||     8
       Quarterstaff      |       |     1 |    19 ||    20
       Peck              |       |       |     4 ||     4
 Cast: Foxfire           |    41 |     1 |       ||    42
       Scorch            |    18 |    47 |    61 ||   126
  Use: Scroll            |       |       |     3 ||     3
       Potion            |       |       |     1 ||     1
Armor: Robe              |     5 |     2 |     9 ||    16
Dodge: Dodged            |    10 |    15 |    25 ||    50

Table legend: (Time is in decaauts)
 A = Elapsed time spent in this place.
 B = Non-inter-level travel time spent in this place.
 C = Inter-level travel time spent in this place.
 D = Time resting spent in this place.
 E = Time spent auto-exploring this place.
 F = Levels seen in this place.
 G = Mean time per level.
                   A        B        C        D        E       F      G
               +--------+--------+--------+--------+--------+-----+--------+
         Total |   4780 |   4494 |    286 |    943 |   2275 |   6 |  796.7 |
       Dungeon |   3866 |   3580 |    286 |    459 |   2105 |   4 |  966.5 |
         Sewer |    360 |    360 |      0 |    188 |     71 |   1 |  360.0 |
       Ossuary |    553 |    553 |      0 |    296 |     97 |   1 |  553.0 |
               +--------+--------+--------+--------+--------+-----+--------+

Top non-repeatable levels by time:
     D:2: 1360 daAuts
     D:3: 1288 daAuts
     D:1: 1150 daAuts
 Ossuary: 553 daAuts
   Sewer: 360 daAuts
     D:4: 66 daAuts
